 Dungeon Crawl Stone Soup version 0.20.1-1-g8b1a95d (webtiles) character file.

8818 kaze the Protected (level 11, -3/85 HPs)
             Began as a Demonspawn Berserker on Sept 15, 2017.
             Was a High Priest of Trog.
             Slain by a wight
             ... wielding a +0 halberd
              (8 damage)
             ... on level 11 of the Dungeon.
             The game lasted 00:22:17 (8875 turns).

kaze the Protected (Demonspawn Berserker)           Turns: 8875, Time: 00:22:18

Health: -3/85      AC: 17    Str: 21    XL:     11   Next: 14%
Magic:  3/3        EV: 10    Int: 12    God:    Trog [*****.]
Gold:   463        SH:  0    Dex: 13    Spells: 10/10 levels left

rFire    + . .     SeeInvis +   d - +4 battleaxe (antimagic)
rCold    . . .     Gourm    .   (shield currently unavailable)
rNeg     . . .     Faith    .   F - +4 scale mail
rPois    .         Spirit   .   (helmet restricted)
rElec    .         Reflect  .   (no cloak)
rCorr    .         Harm     .   (no gloves)
MR       .....                  s - +2 pair of boots
Stlth    ..........             (no amulet)
Regen    0.3/turn               k - ring of see invisible
MPRegen  0.1/turn               v - +4 ring of intelligence

@: berserk cooldown, very heavily drained
A: antennae 2, claws 1, icy blue scales 2, demonic guardian 2, fire resistance
1, mutation resistance 1, screaming 1, rot immunity
a: Berserk, Trog's Hand, Brothers in Arms, Burn Spellbooks, Renounce Religion


You were on level 11 of the Dungeon.
You worshipped Trog.
Trog was extremely pleased with you.
You were not hungry.

You visited 1 branch of the dungeon, and saw 11 of its levels.

You collected 463 gold pieces.

Inventory:

Hand Weapons
 d - a +4 antimagic battleaxe (weapon)
 G - the +4 flail of No Interval {antimagic, Str+4 Int-2}
   (You found it on level 7 of the Dungeon)

   It reduces the magical energy of the wielder, and disrupts the spells and
   magical abilities of those hit.
   Natural abilities and divine invocations are not affected.
   It affects your strength (+4).
   It affects your intelligence (-2).
Armour
 p - a +0 buckler
 s - a +2 pair of boots (worn)
 F - a +4 scale mail (worn)
Jewellery
 k - a ring of see invisible (left claw)
 v - a +4 ring of intelligence (right claw)
 w - an uncursed amulet of faith {unknown}
Wands
 g - a wand of paralysis (11/24)
Scrolls
 a - a scroll of identify
 f - a scroll of recharging
 i - a scroll of magic mapping
 j - 2 scrolls of teleportation
 o - a scroll of enchant weapon
 x - 4 scrolls of remove curse
 C - 2 scrolls of brand weapon
Potions
 b - a potion of ambrosia
 c - a potion of agility
 e - 2 potions of brilliance
 m - a potion of might
 n - a potion of magic
 q - a potion of heal wounds
 r - 2 potions of degeneration {unknown}
 t - 2 potions of curing
 z - a potion of haste {unknown}
 B - 2 potions of flight
Comestibles
 h - 4 meat rations
 l - 15 royal jellies
 u - a bread ration
 D - 3 fruits


   Skills:
 + Level 7.7(4.4) Fighting
   Level 6.8(3.6) Long Blades
 + Level 6.9(4.7) Axes
 + Level 6.0(4.2) Maces & Flails
 + Level 8.2(4.9) Armour
 + Level 4.8(1.8) Dodging
 + Level 1.9(0.0) Stealth


You had 10 spell levels left.
You didn't know any spells.

Dungeon Overview and Level Annotations

Branches:
Dungeon (11/15)            Temple (0/1) D:6
   Lair: D:8-11         Orc: D:9-12

Altars:
Ashenzari
Cheibriados
Dithmenos
Hepliaklqana
Nemelex Xobeh
Okawaru
Ru
Trog
Vehumet
Xom

Shops:
D:4 =:   D:6 %


Innate Abilities, Weirdness & Mutations

You have a pair of antennae on your head.
You are mostly covered in icy blue scales. (AC +3)
A demonic guardian rushes to your aid.
You are immune to rotting.
You have sharp fingernails.
Your flesh is heat resistant. (rF+)
You are somewhat resistant to further mutation.
You occasionally shout uncontrollably at your foes.


Message History

The wight hits you but does no damage. x2
Unknown command.
The wight hits you from afar with a halberd.
* * * LOW HITPOINT WARNING * * *
Things that are here:
an enchanted trident; a robe The wight barely misses you.
You barely miss the wight. The wight hits you but does no damage.
The wight hits you with a halberd.
* * * LOW HITPOINT WARNING * * *
You feel drained.
* * * LOW HITPOINT WARNING * * *
You closely miss the wight. The wight hits you but does no damage.
The wight hits you with a halberd.
* * * LOW HITPOINT WARNING * * *
You slash the wight!
The wight is almost destroyed.
You feel yourself speed up. The wight hits you with a halberd!
You die...

###########
...<>).÷<†#
#########.#
#.# #.# #.# #
#.##.#.###
####)@z......
#...)##.#.###
#..........#
#..##.##...#
#.. ..# ..#
#. ..# .# .
##.. # ## ..#
..#


You could see a wight.

Vanquished Creatures
  An ugly thing (D:11)
  A hungry ghost (D:7)
  Eustachio (D:5)
  3 yaks (D:9)
  A sky beast (D:7)
  A slave (D:4)
  3 orc warriors
  6 phantoms
  4 necrophages
  2 ice beasts
  5 centaurs
  7 ogres
  A crocodile (D:7)
  2 bullfrogs (D:9)
  2 water moccasin zombies
  3 scorpions
  8 killer bees
  9 wights
  2 howler monkeys
  3 crimson imps
  4 centaur zombies
  A quasit (D:7)
  3 centaur skeletons
  2 bullfrog zombies
  5 hounds
  3 jellies (D:8)
  A bullfrog skeleton (D:10)
  7 orc priests
  9 orc wizards
  2 iguanas (D:4)
  Terence (D:2)
  5 worker ants
  A hound zombie (D:7)
  2 mummies
  Robin (D:3)
  7 adders
  2 shadow imps
  6 oozes
  3 adder zombies
  An adder skeleton (D:5)
  3 worms
  3 dart slugs
  A leopard gecko (D:7)
  34 orcs
  A ball python (D:3)
  4 bats
  7 giant cockroaches
  17 goblins
  12 hobgoblins
  4 jackals
  5 quokkas
  A ball python skeleton (D:5)
  4 frilled lizards
  2 goblin zombies (D:6)
  7 kobolds
  A quokka zombie (D:7)
  12 rats
249 creatures vanquished.

Vanquished Creatures (collateral kills)
  2 two-headed ogres
  The ghost of Ijustatesigmund the Cleaver, a novice HOFi of Cheibriados (D:8)
  Pikel (D:4)
  A hippogriff (D:9)
  3 yaks (D:9)
  An ice beast (D:7)
  A necrophage (D:6)
  An ogre (D:5)
  A centaur (D:10)
  Blork the orc (D:5)
  A wight (D:9)
  2 orc wizards
  2 orc priests
  An adder (D:4)
  3 orcs
  A giant cockroach (D:4)
  A quokka skeleton (D:4)
24 creatures vanquished.

Vanquished Creatures (others)
  An orc wizard (D:4)
1 creature vanquished.

Grand Total: 274 creatures vanquished

Notes
Turn   | Place    | Note
-------+----------+-------------------------------------------
     0 | D:1      | kaze the Demonspawn Berserker began the quest for the Orb.
     0 | D:1      | Reached XP level 1. HP: 18/18 MP: 1/1
   196 | D:1      | Gained mutation: You are immune to rotting. [demonic ancestry]
   196 | D:1      | Reached XP level 2. HP: 24/24 MP: 2/2
   382 | D:1      | Reached skill level 2 in Armour
   982 | D:2      | Reached XP level 3. HP: 28/29 MP: 3/3
  1006 | D:2      | Reached ** piety under Trog
  1076 | D:2      | Noticed Terence
  1091 | D:2      | Killed Terence
  1506 | D:2      | Reached XP level 4. HP: 24/35 MP: 4/4
  2561 | D:3      | Noticed Robin
  2569 | D:3      | Gained mutation: A weak demonic guardian rushes to your aid. [demonic ancestry]
  2569 | D:3      | Reached XP level 5. HP: 29/42 MP: 5/5
  2577 | D:3      | Killed Robin
  2827 | D:3      | Reached *** piety under Trog
  2889 | D:4      | Reached XP level 6. HP: 28/48 MP: 6/6
  2896 | D:4      | Found Toit's Jewellery Shop.
  3205 | D:4      | Reached skill level 1 in Long Blades
  3261 | D:4      | Found a hazy altar of Hepliaklqana.
  3284 | D:4      | Reached skill level 3 in Armour
  3321 | D:4      | Gained mutation: You are partially covered in icy blue scales. (AC +2) [demonic ancestry]
  3321 | D:4      | Reached XP level 7. HP: 54/55 MP: 7/7
  3341 | D:4      | Reached skill level 5 in Fighting
  3341 | D:4      | Reached skill level 5 in Axes
  3356 | D:4      | Found Ruutyju's Book Shoppe.
  3570 | D:4      | Noticed Pikel
  3585 | D:4      | Killed Pikel
  3585 | D:4      | Reached skill level 4 in Armour
  3585 | D:4      | Gained mutation: You have a pair of small antennae on your head. [demonic ancestry]
  3585 | D:4      | Reached XP level 8. HP: 63/63 MP: 8/8
  3602 | D:4      | Noticed a moth of wrath
  3605 | D:4      | Found a bloodstained altar of Trog.
  3904 | D:5      | Entered Level 5 of the Dungeon
  3907 | D:5      | Noticed Blork the orc
  3912 | D:5      | Killed Blork the orc
  4055 | D:5      | Reached skill level 5 in Armour
  4114 | D:5      | Reached skill level 5 in Long Blades
  4168 | D:5      | Reached **** piety under Trog
  4384 | D:5      | Noticed Eustachio
  4418 | D:5      | Killed Eustachio
  4418 | D:5      | Gained mutation: You are mostly covered in icy blue scales. (AC +3) [demonic ancestry]
  4418 | D:5      | Reached XP level 9. HP: 45/69 MP: 9/9
  4607 | D:6      | Found Coink's Food Shop.
  4823 | D:6      | Found an iron altar of Okawaru.
  4824 | D:6      | Found a radiant altar of Vehumet.
  4824 | D:6      | Found a snail-covered altar of Cheibriados.
  4905 | D:6      | Found a sand-covered staircase.
  4955 | D:6      | Found a staircase to the Ecumenical Temple.
  5092 | D:6      | Found a sacrificial altar of Ru.
  5295 | D:7      | Reached skill level 1 in Stealth
  5365 | D:7      | Reached skill level 6 in Armour
  5575 | D:7      | Got a transparent flail
  5577 | D:7      | Identified the +4 flail of No Interval {antimagic, Str+4 Int-2} (You found it on level 7 of the Dungeon)
  5881 | D:7      | Found a shattered altar of Ashenzari.
  5896 | D:7      | Reached skill level 1 in Maces & Flails
  6262 | D:7      | Found a shadowy altar of Dithmenos.
  6306 | D:8      | Noticed Ijustatesigmund's ghost (novice HOFi)
  6331 | D:8      | Killed Ijustatesigmund's ghost
  6331 | D:8      | Gained mutation: A demonic guardian rushes to your aid. [demonic ancestry]
  6331 | D:8      | Reached XP level 10. HP: 38/77 MP: 6/10
  6473 | D:8      | Reached ***** piety under Trog
  6779 | D:8      | Reached skill level 5 in Maces & Flails
  6841 | D:8      | Gained mutation: Your flesh is cold resistant. (rC+) [potion of mutation]
  6841 | D:8      | Gained mutation: Your mind is acute. (Int +2) [potion of mutation]
  6841 | D:8      | Gained mutation: You have very sharp teeth. [potion of mutation]
  6842 | D:8      | Lost mutation: Your mind is acute. (Int +2) [potion of mutation]
  6842 | D:8      | Lost mutation: Your flesh is cold resistant. (rC+) [potion of mutation]
  6842 | D:8      | Lost mutation: You have very sharp teeth. [potion of mutation]
  6842 | D:8      | Gained mutation: You occasionally shout uncontrollably at your foes. [potion of mutation]
  6842 | D:8      | Gained mutation: Your flesh is heat resistant. (rF+) [potion of mutation]
  6842 | D:8      | Gained mutation: You have sharp fingernails. [potion of mutation]
  6842 | D:8      | Gained mutation: You are somewhat resistant to further mutation. [potion of mutation]
  6981 | D:9      | Received a gift from Trog
  7006 | D:9      | Reached skill level 7 in Armour
  7094 | D:9      | Found a shimmering altar of Xom.
  7095 | D:9      | Found a shimmering altar of Xom.
  7096 | D:9      | Found a shimmering altar of Xom.
  7097 | D:9      | Noticed a two-headed ogre
  7097 | D:9      | Found a shimmering altar of Xom.
  7097 | D:9      | Found a shimmering altar of Xom.
  7097 | D:9      | Found a shimmering altar of Xom.
  7190 | D:9      | Found a shimmering altar of Xom.
  7191 | D:9      | Found a shimmering altar of Xom.
  7226 | D:9      | Found a sparkling altar of Nemelex Xobeh.
  7245 | D:9      | Noticed a two-headed ogre
  7251 | D:9      | Killed a two-headed ogre
  7284 | D:9      | Found a shattered altar of Ashenzari.
  7569 | D:10     | Entered Level 10 of the Dungeon
  7702 | D:10     | Reached skill level 8 in Armour
  8404 | D:10     | Noticed a two-headed ogre
  8410 | D:10     | Killed a two-headed ogre
  8410 | D:10     | Gained mutation: You have a pair of antennae on your head. [demonic ancestry]
  8410 | D:10     | Reached XP level 11. HP: 62/85 MP: 3/11
  8834 | D:11     | Noticed a purple ugly thing
  8846 | D:11     | Killed a purple ugly thing
  8875 | D:11     | Slain by a wight

Skill      XL: |  1  2  3  4  5  6  7  8  9 10 |
---------------+-------------------------------+-----
Axes           | 3 4 5 6 |  6.9
Dodging        | 2 3 4 |  4.8
Armour         | 2 3 4 5 6 8 |  8.2
Fighting       | 4 5 6 7 |  7.7
Long Blades    | 1 4 5 6 |  6.8
Stealth        | 1 |  1.9
Maces & Flails | 3 6 |  6.0

Action                   |  1- 3 |  4- 6 |  7- 9 | 10-12 || total
-------------------------+-------+-------+-------+-------++-------
Melee: Hand axe          |   114 |    75 |    17 |       ||   206
       Falchion          |       |    84 |   301 |       ||   385
       Flail             |       |       |   108 |   137 ||   245
       Battleaxe         |       |       |       |   146 ||   146
Invok: Berserk           |     1 |     5 |     4 |     6 ||    16
       Trog's Hand       |       |     2 |     3 |     3 ||     8
       Brothers in Arms  |       |       |       |     1 ||     1
  Use: Scroll            |       |     8 |     1 |    15 ||    24
       Potion            |       |     3 |     1 |     4 ||     8
 Stab: Sleeping          |     1 |     1 |       |       ||     2
       Distracted        |       |       |     1 |       ||     1
  Eat: Bread ration      |     1 |     1 |     2 |       ||     4
       Chunk             |       |     4 |     6 |    12 ||    22
       Meat ration       |       |       |     2 |     1 ||     3
Armor: Animal skin       |     8 |       |       |       ||     8
       Leather armour    |    14 |    10 |       |       ||    24
       Chain mail        |       |    66 |   248 |       ||   314
       Scale mail        |       |       |    55 |   198 ||   253
Dodge: Dodged            |    94 |    83 |   222 |   292 ||   691
       Rpst.: Falchion   |       |    12 |    52 |       ||    64
